 Dungeon Crawl Stone Soup version 0.21.1-1-g345015fe64 (webtiles) character file.

400 JOKERXD40 the Chopper (level 6, -3/56 HPs)
             Began as a Hill Orc Fighter on June 22, 2018.
             Was an Initiate of Beogh.
             Killed by divine providence
             ... invoked by an orc priest
              (15 damage)
             ... on level 4 of the Dungeon on June 25, 2018.
             The game lasted 00:07:09 (2432 turns).

JOKERXD40 the Chopper (Hill Orc Fighter)            Turns: 2432, Time: 00:07:11

Health: -3/56      AC: 12    Str: 21    XL:     6   Next: 84%
Magic:  6/6        EV:  4    Int:  8    God:    Beogh [......]
Gold:   169        SH: 10    Dex: 10    Spells: 5/5 levels left

rFire    . . .     SeeInvis .   a - +0 war axe
rCold    . . .     Gourm    .   c - +0 shield
rNeg     . . .     Faith    .   m - +0 plate armour
rPois    .         Spirit   .   (no helmet)
rElec    .         Reflect  .   (no cloak)
rCorr    .         Harm     .   (no gloves)
MR       .....                  (no boots)
Stlth    ..........             (no amulet)
HPRegen  0.18/turn              (no ring)
MPRegen  0.10/turn              (no ring)

@: no status effects
A: no striking features
a: Renounce Religion


You were on level 4 of the Dungeon.
You worshipped Beogh.
Beogh was noncommittal.
You were not hungry.

You visited 1 branch of the dungeon, and saw 4 of its levels.

You collected 169 gold pieces.

Inventory:

Hand Weapons
 a - a +0 war axe (weapon)
Armour
 c - a +0 shield (worn)
 m - a +0 plate armour (worn)
Wands
 j - a wand of flame (42)
Scrolls
 e - 2 scrolls of immolation {unknown}
 h - a scroll of fear {unknown}
 i - 2 scrolls of remove curse {unknown}
 k - 4 scrolls of identify
 l - a scroll of blinking {unknown}
 o - a scroll of enchant weapon {unknown}
Potions
 d - 3 potions of might
 g - 2 potions of flight {unknown}
 p - a potion of degeneration {unknown}
Comestibles
 f - 2 rations
 n - a chunk of flesh


   Skills:
 + Level 5.0 Fighting
 + Level 5.7 Axes
 + Level 4.5 Armour
 + Level 0.4 Dodging
 + Level 5.1 Shields


You had 5 spell levels left.
You didn't know any spells.

Dungeon Overview and Level Annotations

Branches:
Dungeon (4/15)
 Temple: D:4-7

Altars:
Dithmenos
Kikubaaqudgha
Vehumet


Message History

You block the worker ant's attack.
You hit the worker ant.
The worker ant is moderately wounded.
You block the worker ant's attack.
You closely miss the worker ant.
The worker ant is moderately wounded.
You block the worker ant's attack. x2
You closely miss the worker ant.
The worker ant is moderately wounded.
You block the worker ant's attack.
You closely miss the worker ant.
The worker ant is moderately wounded.
You block the worker ant's attack. x2
You closely miss the worker ant.
The worker ant is moderately wounded.
You block the worker ant's attack.
The orc priest invokes the aid of Beogh against you.
Beogh smites you!
You die...
Beogh appreciates the orc priest's killing of a heretic priest.

#..........# #.........
(.########.###.........
.# #..##..†)..... #
##............
###....a.....
#...####### #..oo#
.....##a# #######@# .#
#.# # .# #%. ### #.#
##.. ..#####.(# #..
#.......# ... #####..##
.... ###..## ...#
#..)..###..


You could see a worker ant, an orc priest and an orc.

Vanquished Creatures
  An ogre (D:4)
  A howler monkey (D:4)
  A worker ant (D:4)
  An orc wizard (D:4)
  Natasha (thrice) (D:3)
  8 adders
  3 worms
  5 orcs
  2 ball pythons
  9 bats
  2 giant cockroaches
  7 goblins
  6 hobgoblins
  6 jackals
  A quokka (D:2)
  5 frilled lizards
  10 kobolds
  2 quokka skeletons (D:4)
  3 rats
76 creatures vanquished.

Vanquished Creatures (others)
  An orc priest (D:4)
  An adder (D:4)
  2 orcs (D:4)
4 creatures vanquished.

Grand Total: 80 creatures vanquished

Notes
Turn   | Place    | Note
-------+----------+-------------------------------------------
     0 | D:1      | JOKERXD40 the Hill Orc Fighter began the quest for the Orb.
     0 | D:1      | Reached XP level 1. HP: 19/19 MP: 1/1
   144 | D:1      | Reached XP level 2. HP: 20/27 MP: 2/2
   729 | D:2      | Found an ancient bone altar of Kikubaaqudgha.
   765 | D:2      | Reached XP level 3. HP: 28/33 MP: 3/3
   774 | D:2      | Found a faded altar of an unknown god.
   902 | D:2      | Reached XP level 4. HP: 26/40 MP: 4/4
   926 | D:2      | Found a radiant altar of Vehumet.
  1171 | D:2      | Found a shadowy altar of Dithmenos.
  1307 | D:3      | Noticed Natasha
  1324 | D:3      | HP: 1/40 [Natasha (2)]
  1328 | D:3      | Killed Natasha
  1328 | D:3      | Reached XP level 5. HP: 8/47 MP: 5/5
  1833 | D:3      | Noticed Natasha
  1839 | D:3      | Killed Natasha
  2162 | D:3      | Noticed Natasha
  2179 | D:3      | Killed Natasha
  2222 | D:4      | Became a worshipper of Beogh the Brigand
  2247 | D:4      | Reached skill level 5 in Fighting
  2247 | D:4      | Reached skill level 5 in Axes
  2247 | D:4      | Reached XP level 6. HP: 44/56 MP: 6/6
  2422 | D:4      | Reached skill level 5 in Shields
  2432 | D:4      | Killed from afar by an orc priest

Skill      XL: |  1  2  3  4  5  6 |
---------------+-------------------+-----
Axes           | 3 4 5 |  5.7
Fighting       | 4 5 |  5.0
Shields        | 4 5 |  5.1
Armour         | 4 |  4.5
Dodging        | |  0.4

Action                   |  1- 3 |  4- 6 || total
-------------------------+-------+-------++-------
Melee: War axe           |   107 |   215 ||   322
Invok: Convert to Beogh  |       |     1 ||     1
  Use: Potion            |       |     3 ||     3
       Scroll            |       |     1 ||     1
  Eat: Ration            |       |     1 ||     1
       Chunk             |       |     2 ||     2
Armor: Scale mail        |    28 |       ||    28
       Plate armour      |    53 |   127 ||   180
       Skin              |       |     1 ||     1
Dodge: Dodged            |    21 |    26 ||    47
Block: Shield            |    62 |   111 ||   173
